 Dungeon Sprint DCSS version 0.32-a0-350-g4f4d228785 (webtiles) character file.

Game seed: 5141059783369306867

1 rocky1 the Covered (level 1, 19/19 HPs)
             Began as a Mountain Dwarf Fighter on Feb 18, 2024.
             Was an Initiate of Sif Muna.
             Quit the game in the Dungeon (Sprint VII: "The Pits").
             The game lasted 00:00:59 (72 turns).

rocky1 the Covered (Mountain Dwarf Fighter)           Turns: 72, Time: 00:01:00

Health: 19/19      AC:  6    Str: 18    XL:     1   Next: 16%
Magic:  1/1        EV:  9    Int:  8    God:    Sif Muna [......]
Gold:   0          SH:  4    Dex:  9    Spells: 0/0 levels left

rFire   . . .        a - +0 flail
rCold   . . .        c - +0 buckler
rNeg    . . .        b - +0 scale mail
rPois   .            (no helmet)
rElec   .            (no cloak)
rCorr   .            (no gloves)
SInv    .            (no boots)
Will    .....        (no amulet) Stlth
                     (no ring)
HPRegen 0.23/turn    (no ring)
MPRegen 0.07/turn

%: no teleportation
@: no status effects
A: runic magic, artefact enchanting
a: Renounce Religion


You were in the Dungeon.
You worshipped Sif Muna.
Sif Muna was noncommittal.
You visited 1 branch

Inventory:

Hand Weapons
 a - a +0 flail (weapon)
Armour
 b - a +0 scale mail (worn)
 c - a +0 buckler (worn)
Scrolls
 j - a scroll of blinking
 l - 2 scrolls of vulnerability
 m - 5 scrolls of amnesia
 n - a scroll of summoning
Potions
 d - a potion of might
 e - a potion of curing
 f - a potion of heal wounds
 g - a potion of haste
 h - 4 potions of magic
 i - 3 potions of berserk rage
 k - 2 potions of invisibility


   Skills:
 * Level 3.5 Fighting
 * Level 2.8 Maces & Flails
 * Level 3.5 Armour
 + Level 3.4 Shields


You couldn't memorise any spells.
You didn't know any spells.
Your spell library was empty.

Dungeon Overview and Level Annotations

Branches:
Dungeon (1/1)

Altars:
Ashenzari
Cheibriados
Dithmenos
Elyvilon
Fedhas
Gozag
Hepliaklqana
Kikubaaqudgha
Makhleb
Nemelex Xobeh
Okawaru
Qazlal
Ru
Sif Muna
Trog
Uskayaw
Vehumet
Wu Jian
Xom
Yredelemnul
Zin
The Shining One
Beogh
Jiyva
Lugonu


Innate Abilities, Weirdness & Mutations

Your spellcasting is much less encumbered by armour.
You can use scrolls of enchantment on lesser artefacts.


Message History

k - 2 potions of invisibility You see here 10 stones.
l - 2 scrolls of vulnerability;
m - 5 scrolls of amnesia
n - a scroll of summoning You see here 10 stones.
There is an open door here.
Things that are here:
a +2 quarterstaff; a +2 trident
Things that are here:
a +2 mace; a +2 hand axe
Things that are here:
a +2 falchion; a +2 dagger
There is an open door here.
There is an open door here.
Things that are here:
a +2 falchion; a +2 dagger
Things that are here:
a +2 mace; a +2 hand axe
Okay, then.
Things that are here:
a +2 falchion; a +2 dagger
There is an open door here.
You open the door.
Found five altars.
Found fourteen altars.
There is an open door to the Temple (Safe) here.
Found three altars.
Found three altars.
There is a glowing golden altar of the Shining One here.
There is a glowing silver altar of Zin here.
There is a basalt altar of Yredelemnul here.
There is an iron altar of Okawaru here.
There is a stormy altar of Qazlal here.
There is a sacrificial altar of Ru here.
There is a shimmering blue altar of Sif Muna here.
You kneel at the altar of Sif Muna.
Sif Muna welcomes you!
There is an open door to the Temple (Safe) here.
You open the door.
Are you sure you want to abandon this character and quit the game? (Confirm with "yes".)

############
#_________.#
#_________.#
#_______...###########++
##########'##...........
#..(.')))'.##......#..#.
##########.##...........
#......@...)'...........
#+#####'#####......#..#.
..# #........... ...#
####'#####++ #+###
#.......# #.......#
#.......# #...<...#
#.......#


There were no monsters in sight!

Vanquished Creatures
  A kobold (D)
1 creature vanquished.

Notes
Turn   | Place    | Note
-------+----------+-------------------------------------------
     0 | D        | rocky1 the Mountain Dwarf Fighter began the quest for the
                  | Orb.
     0 | D        | Reached XP level 1. HP: 19/19 MP: 1/1
    50 | D        | Found a bloodstained altar of Trog.
    50 | D        | Found a shimmering blue altar of Sif Muna.
    50 | D        | Found a viscous altar of Jiyva.
    50 | D        | Found a hazy altar of Hepliaklqana.
    50 | D        | Found an opulent altar of Gozag.
    51 | D        | Found a glowing golden altar of the Shining One.
    51 | D        | Found a glowing silver altar of Zin.
    51 | D        | Found a basalt altar of Yredelemnul.
    51 | D        | Found a shimmering altar of Xom.
    51 | D        | Found an ornate altar of the Wu Jian Council.
    51 | D        | Found a sacrificial altar of Ru.
    51 | D        | Found a stormy altar of Qazlal.
    51 | D        | Found an iron altar of Okawaru.
    51 | D        | Found a sparkling altar of Nemelex Xobeh.
    51 | D        | Found a burning altar of Makhleb.
    51 | D        | Found a blossoming altar of Fedhas.
    51 | D        | Found a white marble altar of Elyvilon.
    51 | D        | Found a shadowy altar of Dithmenos.
    51 | D        | Found a snail-covered altar of Cheibriados.
    53 | D        | Found a radiant altar of Vehumet.
    53 | D        | Found a corrupted altar of Lugonu.
    53 | D        | Found a roughly hewn altar of Beogh.
    54 | D        | Found a hide-covered altar of Uskayaw.
    54 | D        | Found an ancient bone altar of Kikubaaqudgha.
    54 | D        | Found a broken altar of Ashenzari.
    62 | D        | Became a worshipper of Sif Muna the Loreminder
    72 | D        | Quit the game

Illustrated notes

Levels and vault maps discovered:
D:        pitsprint [storerooms_1, entrance_room_1, metal_vault_5, armoury_2,
          mini_pit_1, grid_room_1, main_hall_1, silver_pit, the_coven_3,
          the_vestibule_1, steel_vault_3, golden_pit, hallway_of_sentries,
          crystal_vault_3, iron_vault_4, final_vault]

Action                     || total
---------------------------++-------
  Melee: Flail             ||     5
 Armour: Scale mail        ||     4
  Dodge: Dodged            ||     2

Table legend: (Time is in decaauts)
 A = Elapsed time spent in this place.
 B = Non-inter-level travel time spent in this place.
 C = Inter-level travel time spent in this place.
 D = Time resting spent in this place.
 E = Time spent auto-exploring this place.
 F = Levels seen in this place.
 G = Mean time per level.
                   A        B        C        D        E       F      G
               +--------+--------+--------+--------+--------+-----+--------+
         Total |     73 |     73 |      0 |      0 |      0 |   1 |   73.0 |
       Dungeon |     73 |     73 |      0 |      0 |      0 |   1 |   73.0 |
               +--------+--------+--------+--------+--------+-----+--------+

Top non-repeatable levels by time:
       D: 73 daAuts
